 Dungeon Crawl Stone Soup version 0.30-a0-913-g9934a0ce24 (webtiles) character file.

Game seed: 4801146061088978614

378 necrobotica the Digger (level 6, 0/36 HPs)
             Began as a Gargoyle Earth Elementalist on Mar 19, 2023.
             Slain by a gnoll
             ... wielding a +2 spear of venom
              (2 damage)
             ... on level 5 of the Dungeon.
             The game lasted 00:10:41 (3477 turns).

necrobotica the Digger (GrEE)                       Turns: 3477, Time: 00:10:41

Health: 0/36       AC:  7    Str: 11    XL:     6   Next: 74%
Magic:  5/10       EV: 12    Int: 18    God:
Gold:   161        SH:  0    Dex: 13    Spells: 8/11 levels left

rFire   . . .      SeeInvis .    m - +7 dagger "Kuthro" {flame, Dex+3}
rCold   . . .      Faith    .    (no shield)
rNeg    + . .      Spirit   .    a - +0 robe
rPois   ∞          Reflect  .    (no helmet)
rElec   +          Rampage  .    (no cloak)
rCorr   .                        t - +0 pair of gloves
Will    .....                    (no boots)
Stlth   ++                       (no amulet)
HPRegen 0.26/turn                o - ring of flight
MPRegen 0.12/turn                (no ring)

@: flying
A: sickness immunity, AC +4, negative energy resistance 1, electricity
resistance, torment resistance 1, petrification resistance
a: no special abilities


You were on level 5 of the Dungeon.
You visited 1 branch of the dungeon, and saw 5 of its levels.

You collected 161 gold pieces.

Inventory:

Hand Weapons
 m - the +7 dagger "Kuthro" (weapon) {flame, Dex+3}
   (You found it on level 2 of the Dungeon)

   Dex:       It affects your dexterity (+3).
 y - a +2 dagger of holy wrath
Missiles
 u - a throwing net
Armour
 a - a +0 robe (worn)
 t - a +0 pair of gloves (worn)
Jewellery
 o - a ring of flight (left hand)
 v - a +6 ring of intelligence
Wands
 c - a wand of digging (5)
Scrolls
 d - 2 scrolls of enchant armour {unknown}
 f - 4 scrolls of identify {unknown}
 j - a scroll of teleportation {unknown}
 k - a scroll of fear {unknown}
 n - 4 scrolls of poison {unknown}
 q - a scroll of fog {unknown}
 s - a scroll of brand weapon {unknown}
 w - a scroll of noise {unknown}
 x - a scroll of immolation {unknown}
Potions
 b - a potion of magic
 e - a potion of might {unknown}
 g - a potion of ambrosia {unknown}
 h - a potion of lignification {unknown}
 i - a potion of cancellation {unknown}
 l - a potion of invisibility {unknown}
 p - a potion of curing
 r - a potion of mutation {unknown}


   Skills:
 + Level 2.3 Fighting
 + Level 1.5 Short Blades
 + Level 2.5 Armour
 + Level 2.6 Dodging
 - Level 2.1 Stealth
 + Level 3.1 Spellcasting
 + Level 2.1 Transmutations
 + Level 4.7 Earth Magic


You had 8 spell levels left.
You knew the following spells:

 Your Spells              Type           Power      Damage    Failure   Level
a - Sandblast             Erth           38%        2d10      2%          1
b - Passwall              Tmut/Erth      12%        N/A       6%          2

Your spell library contained the following spells:

 Spells                   Type           Power      Damage    Failure   Level
 Sting                    Tmut/Pois      24%        1d4       11%         1
 Stone Arrow              Conj/Erth      22%        3d8       19%         3
 Poisonous Vapours        Pois/Air       4%         N/A       24%         2
 Petrify                  Tmut/Erth      15%        N/A       36%         4
 Olgreb's Toxic Radiance  Pois           2%         N/A       85%         4


Dungeon Overview and Level Annotations

Branches:
Dungeon (5/15)
 Temple: D:4-7

Altars:
Ashenzari
Kikubaaqudgha
Vehumet


Innate Abilities, Weirdness & Mutations

You are immune to sickness and miasma.
Your stone body is resilient. (AC +4)
You are immune to poison.
You resist negative energy. (rN+)
You are resistant to electric shocks. (rElec)
You are resistant to unholy torment.
You are immune to petrification.


Message History

You kill the gnoll!
The gnoll closely misses you.
The gnoll throws a throwing net.
The throwing net completely misses you.
The gnoll hits you from afar with a +0 spear.
* * * LOW HITPOINT WARNING * * *
The gnoll throws a throwing net.
The throwing net closely misses you.
Casting: Sandblast (safe; 2% risk of failure)
Confirm with . or Enter, or press ? or * to list all spells.
Aiming: Sandblast (safe; 2% risk of failure)
Press: ? - help, Shift-Dir - straight line, f - gnoll
Aim: a gnoll, wielding a +0 spear and quivering a throwing net (84% to hit)
The blast of sand hits the gnoll.
The gnoll is lightly wounded.
The gnoll throws a throwing net.
The throwing net misses you. The gnoll closely misses you.
Found a broken altar of Ashenzari and an ancient bone altar of Kikubaaqudgha.
Casting: Sandblast (safe; 2% risk of failure)
Confirm with . or Enter, or press ? or * to list all spells.
Aiming: Sandblast (safe; 2% risk of failure)
Press: ? - help, Shift-Dir - straight line, f/p - gnoll
Aim: a gnoll, wielding a +0 spear (lightly wounded, 84% to hit)
The blast of sand hits the gnoll!
The gnoll is almost dead.
The gnoll hits you from afar with a +2 spear of venom.
* * * LOW HITPOINT WARNING * * *
The gnoll barely misses you. x2
The gnoll hits you from afar with a +2 spear of venom.
* * * LOW HITPOINT WARNING * * *
Casting: Sandblast (safe; 2% risk of failure)
Confirm with . or Enter, or press ? or * to list all spells.
Aiming: Sandblast (safe; 2% risk of failure)
Press: ? - help, Shift-Dir - straight line, f/p - gnoll
Aim: a gnoll, wielding a +0 spear (almost dead, 84% to hit)
The blast of sand hits the gnoll!
You kill the gnoll!
The gnoll hits you from afar with a +2 spear of venom.
* * * LOW HITPOINT WARNING * * *
You see here a throwing net.
The gnoll hits you from afar with a +2 spear of venom.
You die...

# #_. ._
###..#######..#
..##...@(....#
#..#####.#####
##....##g#
#......))##
..........### .
#............#..
.####................
.[..#>...............
.#...).........##....


You could see a gnoll.

Vanquished Creatures
  An ogre (D:4)
  A jelly (D:4)
  A hound (D:5)
  Ijyb (D:3)
  2 iguanas
  4 adders
  5 gnolls
  An ufetubus (D:4)
  A worm (D:4)
  4 dart slugs
  An orc (D:3)
  5 ball pythons
  6 endoplasms
  5 giant cockroaches
  7 goblins
  4 jackals (D:4)
  A quokka (D:1)
  6 bats
  2 frilled lizards (D:1)
  3 kobolds
  5 rats
66 creatures vanquished.

Vanquished Creatures (others)
  2 plants (D:4)
2 creatures vanquished.

Grand Total: 68 creatures vanquished

Notes
Turn   | Place    | Note
-------+----------+-------------------------------------------
     0 | D:1      | necrobotica the Gargoyle Earth Elementalist began the quest
                  | for the Orb.
     0 | D:1      | Reached XP level 1. HP: 10/10 MP: 3/3
   208 | D:1      | Reached skill level 1 in Transmutations
   208 | D:1      | Reached XP level 2. HP: 13/16 MP: 0/5
   714 | D:1      | Reached skill level 1 in Armour
   850 | D:2      | Reached XP level 3. HP: 19/20 MP: 2/6
  1044 | D:2      | Reached skill level 1 in Fighting
  1243 | D:2      | Identified the +7 dagger "Kuthro" {flame, Dex+3}
  1402 | D:2      | Reached skill level 4 in Earth Magic
  1537 | D:3      | Noticed Ijyb
  1557 | D:3      | Killed Ijyb
  1558 | D:3      | Reached XP level 4. HP: 15/25 MP: 0/7
  1751 | D:3      | Learned a level 2 spell: Passwall
  1967 | D:3      | Found a faded altar of an unknown god.
  2179 | D:4      | Reached XP level 5. HP: 29/29 MP: 8/8
  2294 | D:4      | Reached skill level 1 in Short Blades
  2469 | D:4      | Found a radiant altar of Vehumet.
  2658 | D:4      | Noticed an ogre
  2665 | D:4      | Killed an ogre
  2666 | D:4      | Reached XP level 6. HP: 17/35 MP: 6/10
  3429 | D:5      | Entered Level 5 of the Dungeon
  3473 | D:5      | Found a broken altar of Ashenzari.
  3473 | D:5      | Found an ancient bone altar of Kikubaaqudgha.
  3477 | D:5      | Slain by a gnoll

Illustrated notes

Levels and vault maps discovered:
D:1:      elethiomel_arrival_quiet, layout_loops_ring
D:2:      layout_basic
D:3:      layout_basic, dreamdust_ecumenical_altar_angels_and_demons, uniq_ijyb
D:4:      cheibrodos_old_hovel, layout_basic, mainiacjoe_overflow_cross_hatched,
          serial_corexii_hall, corexii_hall_statues_t, corexii_hall_statues_i
D:5:      layout_cave_pools, chequers_temple_overflow_minitemple

Skill      XL: |  1  2  3  4  5  6 |
---------------+-------------------+-----
Transmutations | 1 2 |  2.1
Armour         | 1 2 |  2.5
Fighting       | 1 2 |  2.3
Dodging        | 2 |  2.6
Earth Magic    | 4 |  4.7
Short Blades   | 1 |  1.5
Spellcasting   | 3 |  3.1
Stealth        | |  2.1

Action                     |  1- 3 |  4- 6 || total
---------------------------+-------+-------++-------
  Melee: Unarmed           |    25 |       ||    25
         Punch             |     1 |     2 ||     3
         Dagger            |     8 |    43 ||    51
   Cast: Sandblast         |    43 |    34 ||    77
         Passwall          |       |     2 ||     2
    Use: Potion            |     2 |     3 ||     5
   Stab: Sleeping          |     1 |     4 ||     5
 Armour: Robe              |    23 |    43 ||    66
  Dodge: Dodged            |    43 |    76 ||   119

Table legend: (Time is in decaauts)
 A = Elapsed time spent in this place.
 B = Non-inter-level travel time spent in this place.
 C = Inter-level travel time spent in this place.
 D = Time resting spent in this place.
 E = Time spent auto-exploring this place.
 F = Levels seen in this place.
 G = Mean time per level.
                   A        B        C        D        E       F      G
               +--------+--------+--------+--------+--------+-----+--------+
         Total |   3511 |   3356 |    155 |      0 |   2851 |   5 |  702.2 |
       Dungeon |   3511 |   3356 |    155 |      0 |   2851 |   5 |  702.2 |
               +--------+--------+--------+--------+--------+-----+--------+

Top non-repeatable levels by time:
     D:4: 1345 daAuts
     D:1: 846 daAuts
     D:2: 676 daAuts
     D:3: 592 daAuts
     D:5: 51 daAuts
